 Dungeon Crawl Stone Soup version 0.31-a0-200-gbc41564c69 (webtiles) character file.

Game seed: 15379891069011007372

35 qw the Shooter (level 3, -1/20 HPs)
             Began as a Deep Elf Hunter on June 25, 2023.
             Slain by an endoplasm (3 damage)
             ... on level 1 of the Dungeon.
             The game lasted 00:00:19 (789 turns).

qw the Shooter (Deep Elf Hunter)                     Turns: 789, Time: 00:00:20

Health: -1/20      AC:  4    Str: 10    XL:     3   Next: 17%
Magic:  5/5        EV: 12    Int: 13    God:
Gold:   80         SH:  0    Dex: 18    Spells: 2/2 levels left

rFire   . . .        Y - +0 shortbow
rCold   . . .        (shield currently unavailable)
rNeg    . . .        e - +1 leather armour {Will+}
rPois   .            (no helmet)
rElec   .            (no cloak)
rCorr   .            (no gloves)
SInv    .            (no boots)
Will    +....        (no amulet)
Stlth   ++           (no ring)
HPRegen 0.23/turn    (no ring)
MPRegen 0.09/turn

%: no passive effects
@: no status effects
A: no striking features
a: no special abilities


You were on level 1 of the Dungeon.
You visited 1 branch of the dungeon, and saw 2 of its levels.

You collected 80 gold pieces.


   Skills:
 - Level 1.5 Fighting
 + Level 6.8 Ranged Weapons
 - Level 2.4 Dodging
 - Level 1.2 Stealth


You had 2 spell levels left.
You didn't know any spells.
Your spell library was empty.

Inventory:

Hand Weapons
 Y - a +0 shortbow (weapon)
Armour
 e - a +1 leather armour of willpower (worn)
Scrolls
 a - a scroll of identify
Potions
 i - a potion of haste

Dungeon Overview and Level Annotations

Branches:
Dungeon (2/15)

Altars:


Message History

The goblin hits you but does no damage. The adder closely misses you.
You shoot an arrow. The arrow misses the adder.
The adder bites you but does no damage. The goblin misses you.
The hobgoblin hits you. The rat closely misses you. The adder bites you.
You are poisoned.
The adder poisons you! The goblin closely misses you. The hobgoblin hits you.
The rat bites you but does no damage. The endoplasm barely misses you.
784 ||| STAIRDANCE You feel sick.
The adder misses you. The hobgoblin closely misses you.
The rat barely misses you.
The endoplasm hits you but does no damage.
The goblin hits you but does no damage.
You climb upwards.
You feel sick.
There is a stone staircase leading down here.
Enter note:
Enter note:
Enter note:
Enter note:
Enter note: You shoot an arrow.
The arrow hits the adder.
The adder is severely wounded.
You feel sick. The adder closely misses you.
The goblin hits you but does no damage.
The endoplasm hits you but does no damage.
The hobgoblin barely misses you. The rat barely misses you.
You shoot an arrow. The arrow closely misses the adder.
You feel sick. The adder bites you. The goblin hits you with a +0 dagger.
The endoplasm closely misses you. The adder bites you but does no damage.
The hobgoblin closely misses you. The rat barely misses you.
You shoot an arrow. The arrow completely misses the adder.
You feel sick.
You are no longer poisoned.
The adder bites you but does no damage. The goblin hits you but does no damage.
The endoplasm hits you but does no damage.
The hobgoblin hits you. The rat barely misses you.
You shoot an arrow. The arrow hits the adder!
You kill the adder!
The hobgoblin completely misses you. The rat barely misses you.
The goblin closely misses you. The endoplasm hits you.
You die...

##########...#..................
#...........##.#......##........
#.########..##...#+#..).........
#................#..............
###############..#.....#........
##.'### ###'........#.####.....
#..#..###..###....#.#.# #.....
#..#.......#.gJ.....#.####.....
#..##.....##..@%...............
#...#8._.8####rg###....####....
#..##.....##....# #.##..#######
#..#..(8...#.#..###.###..##
#..#..###..#.....##.# ##..##
#..'#######'.....##.#####..####
#...# #.#..##................#
###...####.#................###..
...........####.............# ##.


You could see an endoplasm, a hobgoblin, a goblin and a rat.

Vanquished Creatures
  An adder (D:1)
  3 dart slugs (D:1)
  3 endoplasms (D:1)
  3 giant cockroaches (D:1)
  6 goblins
  A hobgoblin (D:1)
  A quokka (D:1)
  3 ball pythons
  4 bats (D:1)
  A frilled lizard (D:1)
  4 rats (D:1)
30 creatures vanquished.

Notes
Turn   | Place    | Note
-------+----------+-------------------------------------------
     0 | D:1      | qw the Deep Elf Hunter began the quest for the Orb.
     0 | D:1      | Reached XP level 1. HP: 12/12 MP: 3/3
     0 | D:1      | 0 ||| qw: Version: 0.3-a-22-g0ed2b0b
     0 | D:1      | 0 ||| qw: Game counter: 5500
     0 | D:1      | 0 ||| qw: Melee chars always use a shield: true
     0 | D:1      | 0 ||| qw: God list: Okawaru
     0 | D:1      | 0 ||| qw: Allow faded altars: false
     0 | D:1      | 0 ||| qw: Do Orc after clearing Dungeon:15 true
     0 | D:1      | 0 ||| qw: Do second Lair branch before Depths: true
     0 | D:1      | 0 ||| qw: Lair rune preference: random
     0 | D:1      | 0 ||| qw: Goals: Normal
     0 | D:1      | 0 ||| PLANNING D:1-11
   181 | D:1      | Reached skill level 6 in Ranged Weapons
   181 | D:1      | Reached XP level 2. HP: 16/16 MP: 4/4
   354 | D:1      | Found a faded altar of an unknown god.
   449 | D:1      | 449 ||| FLEEEEING.
   454 | D:1      | 454 ||| FLEEEEING.
   455 | D:1      | 455 ||| FLEEEEING.
   456 | D:1      | 456 ||| FLEEEEING.
   457 | D:1      | 457 ||| FLEEEEING.
   458 | D:1      | 458 ||| FLEEEEING.
   503 | D:1      | Reached XP level 3. HP: 20/20 MP: 5/5
   741 | D:1      | 741 ||| UPGRADING to +1 leather armour of willpower.
   751 | D:1      | 751 ||| DROPPING +0 leather armour.
   752 | D:1      | 752 ||| DROPPING ring of wizardry.
   753 | D:1      | 753 ||| READING 3 scrolls labelled TAAFFISUPS.
   754 | D:1      | 754 ||| READING scroll labelled QEYJUH IVOEKI.
   755 | D:1      | 755 ||| READING scroll labelled ATTOTH DAHIMEPS.
   756 | D:1      | 756 ||| READING 2 scrolls of identify.
   756 | D:1      | 756 ||| IDENTIFYING dark potion
   757 | D:1      | 757 ||| DROPPING scroll of butterflies.
   784 | D:2      | 784 ||| STAIRDANCE
   787 | D:1      | HP: 5/20 [goblin/+0 dagger (3)]
   788 | D:1      | HP: 2/20 [hobgoblin (2)]
   789 | D:1      | Slain by an endoplasm

Levels and vault maps discovered:
D:1:      scummos_arrival_simple_fountains, layout_basic,
          hellmonk_ecumenical_altar_slurped_away
D:2:      layout_basic

Skill      XL: |  1 |
---------------+----+-----
Ranged Weapons | 6 |  6.8
Fighting       | |  1.5
Dodging        | |  2.4
Stealth        | |  1.2

Action                     || total
---------------------------++-------
   Fire: Shortbow          ||    66
    Use: Scroll            ||     4
 Armour: Leather armour    ||    18
  Dodge: Dodged            ||    33

Table legend:
 A = Non-vault XP
 B = Vault XP
 C = Vault XP percentage of total XP
 D = Non-vault monster count
 E = Vault monster count
 F = Vault count percentage of total count
                 A         B        C        D         E       F
            +---------+---------+-------+---------+---------+-------
      Total |      62 |       2 |   3.1 |      29 |       1 |   3.3
            +---------+---------+-------+---------+---------+-------
        D:1 |      58 |       2 |   3.3 |      26 |       1 |   3.7
        D:2 |       4 |       0 |   0.0 |       3 |       0 |   0.0
            +---------+---------+-------+---------+---------+-------
